Map: Mist Opportunities

Players

RyuKey

  • Race: Zerg Zerg
  • League: Diamond

Artemis

  • Race: Zerg Zerg
  • Spawn Location: 5:00

VOD

Have the link to the VOD?

Description

Time

  • Played on: June 12, 2020, 8:19 a.m.
  • Length: 30:03
Show
View Real Time Build Order
Export as new Build Order

RyuKey Zerg 

Build Orders:  

Get SALT Encoding   

  12  0:03  Drone  
  13  0:17  Drone  
  14  0:37  Overlord x2  
  14  0:50  Extractor  
  14  0:58  Spawning Tool  
  12  1:18  Drone  
  12  1:19  Drone x3  
  16  1:20  Drone  
  17  1:36  Zergling x2  
  17  1:37  Zergling x2  
  19  1:44  Drone  
  20  2:04  Extractor  
  20  2:08  Evolution Chamber  
  18  2:10  Evolution Chamber  
  18  2:17  Drone x3  
  18  2:18  Drone  
  21  2:24  Drone  
  22  3:03  Zerg Missile Weapons Level 1  
  22  3:08  Hatchery  
  21  3:15  Drone x3  
  24  3:22  Zerg Ground Armor Level 1  
  24  3:52  Drone  
  24  3:53  Drone x4  
  24  3:55  Drone  
  30  4:08  Drone  
  31  4:24  Metabolic Boost  
  31  4:25  Zergling x4  
  31  4:26  Zergling x4  
  35  4:48  Drone  
  35  4:51  Overlord  
  35  4:52  Overlord x2  
  35  5:16  Zergling x2  
  35  5:17  Zergling x14  
  39  5:45  Evolution Chamber  
  37  6:02  Drone x3  
  37  6:06  Drone x8  
  47  6:17  Zerg Melee Weapons Level 1  
  47  6:41  Drone x4  
  47  6:45  Extractor  
  47  6:47  Extractor  
  49  7:04  Zergling x14  
  49  7:05  Zergling x4  
  56  7:23  Baneling Nest  
  55  8:04  Hydralisk Den  
  55  8:07  Spire  
  53  8:12  Drone x3  
  53  8:13  Drone x4  
  60  8:35  Zergling x2  
  59  8:40  Overlord x2  
  59  8:41  Overlord x3  
  59  8:59  Zerg Melee Weapons Level 2, Zerg Missile Weapons Level 2  
  54  9:01  Zerg Ground Armor Level 2  
  52  9:20  Hardened Ergonergy Shield  
  52  9:26  Hydralisk  
  52  9:27  Hydralisk x6  
  60  9:42  Zergling x14  
  67  9:54  Hatchery  
  66  10:00  Spine Crawler  
  66  10:05  Spine Crawler  
  66  10:06  Spine Crawler x2  
  62  10:26  Muscular Augments  
  62  10:34  Hydralisk  
  62  10:35  Hydralisk x7  
  78  10:44  Anti-Centripetal Rocket Servos  
  74  11:03  Spine Crawler  
  74  11:04  Spine Crawler  
  74  11:05  Drone x4  
  74  11:06  Spine Crawler, Drone x2  
  74  11:09  Spine Crawler  
  75  11:35  Hydralisk  
  75  11:36  Hydralisk x5  
  85  11:55  Zergling x18  
  92  12:28  Hydralisk x6  
  98  13:02  Infestation Pit  
  98  13:08  Hydralisk x4  
  101  13:29  Hydralisk  
  100  13:30  Hydralisk x2  
  100  13:36  Overlord x3  
  100  13:37  Overlord  
  104  13:44  Zerg Flyer Weapons Level 1  
  104  14:09  Hydralisk x4  
  112  14:25  Zergling x18  
  121  15:01  Infestor x2  
  121  15:02  Infestor  
  127  15:25  Drone x2  
  129  15:54  Infestor  
  130  16:04  Infestor x4  
  123  16:16  Drone x3  
  126  16:29  Erudition Missile Launchers  
  126  16:56  Hydralisk  
  126  16:57  Hydralisk x4  
  136  17:00  Overlord  
  136  17:01  Overlord x6  
  136  17:23  Overlord x2  
  136  17:28  Hydralisk  
  136  17:29  Hydralisk x8  
  154  17:45  Zergling x14  
  161  17:52  Zergling x6  
  161  17:59  Zerg Melee Weapons Level 3  
  154  18:07  Zergling x6  
  155  18:15  Hatchery  
  152  18:41  Zergling x2  
  152  18:42  Zergling x22  
  156  19:44  Hydralisk x16  
  174  20:39  Hydralisk x9  
  182  21:27  Zerg Missile Weapons Level 3  
  182  21:33  Zergling x2  
  182  21:34  Zergling x36  
  182  21:35  Zergling x4  
  179  21:54  Overseer  
  179  21:55  Overseer x3  
  153  22:00  Zergling x22  
  164  22:22  Ultralisk Cavern  
  164  22:28  Zerg Ground Armor Level 3  
  163  22:37  Pneumatized Carapace  
  147  23:08  Hydralisk x5  
  143  23:28  Electrostatic Surprise  
  143  23:31  Zergling x30  
  143  23:32  Zergling x12  
  151  23:58  Hydralisk x5  
  151  23:59  Hydralisk  
  141  24:57  Ventral Sacs  
  141  25:05  Ultralisk x2  
  150  25:50  Wide Area Cluster Busters  
  150  25:54  Corruptor  
  152  26:06  Zergling x2  
  152  26:07  Zergling x34  
  156  26:56  Corruptor  
  156  26:57  Corruptor x4  
  114  29:05  Hydralisk x13  
  114  29:06  Hydralisk x7  
Show
View Real Time Build Order
Export as new Build Order

Artemis Zerg 

Build Orders:  

Get SALT Encoding   

  12  1:42  Overlord  
  12  2:01  Evolution Chamber  
  12  2:04  Spawning Pool  
  10  2:11  Drone x4  
  10  2:12  Drone x2  
  10  2:19  Extractor  
  15  2:21  Extractor  
  14  3:04  Drone x3  
  17  3:28  Zergling x2  
  17  3:29  Zergling x2  
  19  3:48  Zergling x2  
  20  4:16  Queen, Unknown  
  22  4:22  Zerg Melee Weapons Level 1  
  22  5:39  Lair  
  22  5:41  Metabolic Boost  
  22  5:55  Hatchery  
  21  6:05  Zergling x2  
  21  6:07  Overlord  
  22  6:51  Zergling x4  
  22  6:52  Zergling x8  
  22  6:53  Zergling x4  
  22  6:56  Overlord x2  
  30  7:02  Heroic Fortitude  
  30  7:36  Hydralisk Den  
  29  7:41  Spire  
  28  8:02  Zerg Missile Weapons Level 1  
  28  8:04  Drone x3  
  28  8:05  Nydus Network  
  30  8:52  Zergling x2  
  35  9:44  Hydralisk x3  
  35  9:45  Zergling x4  
  41  10:32  Hive  
  41  10:35  Drone  
  41  10:36  Drone x2  
  44  10:41  Zerg Ground Armor Level 1  
  44  11:47  Zergling x6  
  44  11:48  Zergling x8  
  51  11:52  Overlord  
  51  11:58  Overseer x4  
  51  12:12  Overseer  
  51  12:23  Overseer  
  51  12:51  Ventral Sacs  
  51  12:54  Drone x3  
  51  12:55  Drone x2  
  56  13:22  Zergling x6  
  56  13:25  Overlord  
  59  14:17  Zergling x10  
  64  14:24  Adrenal Overload  
  64  14:26  Zerg Melee Weapons Level 2  
  64  15:07  Hydralisk  
  64  15:08  Zergling x2  
  67  15:12  Overlord  
  67  15:16  Overseer  
  67  16:59  Overseer  
  67  17:23  Greater Spire  
  67  17:36  Lair, Zerg Missile Weapons Level 2  
  67  17:38  Zergling x6  
  67  17:39  Zergling x6  
  73  17:59  Hydralisk  
  75  18:02  Overlord  
  75  18:04  Overlord x4  
  75  18:38  Overseer x2  
  75  18:39  Overseer x3  
  74  19:45  Hive  
  63  20:03  Drone x4  
  63  20:04  Drone x2, Ultralisk Cavern  
  47  20:41  Brood Lord x2  
  51  20:51  Zergling x6  
  54  21:02  Ultralisk  
  54  21:03  Zergling x2  
  54  21:04  Zergling x8  
  65  21:41  Zergling x2  
  65  21:42  Zergling x4  
  68  22:14  Overlord x2  
  68  22:15  Overlord x2  
  68  22:25  Overlord  
  68  22:26  Overlord x2  
  68  22:31  Overseer  
  74  23:36  Zergling x8  
  74  23:37  Zergling x4  
  82  23:44  Zerg Melee Weapons Level 3  
  82  23:56  Extractor  
  82  23:59  Extractor  
  80  24:05  Hydralisk  
  82  24:36  Brood Lord  
  84  24:52  Zergling x4  
  84  24:53  Zergling x8  
  84  24:58  Zergling x2  
  84  24:59  Zergling x6  
  94  25:26  Drone x2  
  96  25:31  Drone  
  96  25:32  Drone  
  92  26:09  Overlord x3  
  92  26:28  Nydus Canal  
  92  26:30  Chitinous Plating  
  92  26:31  Zerg Flyer Weapons Level 1  
  92  26:40  Zergling x8  
  92  26:41  Ultralisk, Zergling x2  
  92  26:48  Ultralisk  
  97  26:54  Zergling x2  
  100  27:12  Hydralisk  
  100  27:13  Hydralisk x2  
  100  27:49  Overlord x4  
  100  27:56  Overlord x3  
  100  27:57  Overlord x2  
  73  28:35  Overseer  
  73  29:03  Zergling x6  
  73  29:04  Zergling x4  
  73  29:09  Hydralisk x3  
  84  29:10  Hydralisk  
  84  29:14  Brood Lord  
  84  29:15  Brood Lord x3  
Tags
 
Add a new tag
Caveats
  • Supply blocks, unpowered buildings, or Contaminate may cause inaccurate times.
  • Supply counts are checked every 10 seconds.